Map: Inside and Out

Players

Bunny - Winner!

  • Race: Terran Terran
  • League: Silver
  • Spawn Location: 1:00

GuMiho

  • Race: Terran Terran
  • League: Master
  • Spawn Location: 7:00

VOD

Have the link to the VOD?

Description

Time

  • Played on: Nov. 3, 2022, 7:13 a.m.
  • Length: 10:16
Show
View Real Time Build Order
Export as new Build Order

Bunny Terran - Winner!

Build Orders: Gas First Reaper Expand, Hellion Opening 

Get SALT Encoding   

  12  0:00  SCV  
  13  0:12  SCV  
  14  0:17  Supply Depot  
  14  0:24  SCV  
  14  0:27  Refinery  
  15  0:38  SCV  
  16  0:43  Barracks  
  16  0:50  SCV  
  17  1:02  SCV  
  18  1:14  SCV  
  19  1:30  Reaper, Orbital Command  
  20  1:40  Command Center  
  20  1:51  Factory  
  20  1:55  SCV  
  21  2:03  Supply Depot  
  21  2:05  Barracks Reactor  
  22  2:08  SCV  
  22  2:15  Refinery  
  22  2:20  SCV  
  23  2:32  SCV  
  24  2:41  Starport  
  24  2:44  Hellion  
  24  2:45  Hellion, SCV  
  29  2:52  Orbital Command  
  29  2:55  Barracks Tech Lab  
  29  2:57  SCV  
  30  3:06  Hellion  
  30  3:07  Hellion  
  30  3:09  SCV  
  35  3:14  Refinery  
  35  3:19  SCV  
  36  3:21  SCV  
  36  3:23  Raven  
  39  3:27  Hellion  
  39  3:30  Hellion  
  43  3:35  Supply Depot  
  43  3:36  SCV  
  43  3:39  Barracks Tech Lab  
  43  3:41  SCV  
  45  3:48  SCV  
  46  3:57  SCV  
  46  3:58  Supply Depot  
  46  4:01  Cyclone  
  46  4:02  SCV  
  51  4:06  Marine x2  
  51  4:09  SCV  
  54  4:11  Supply Depot  
  54  4:19  Raven  
  54  4:20  Supply Depot, SCV  
  54  4:21  SCV  
  54  4:23  Marine  
  54  4:24  Marine  
  60  4:32  SCV  
  60  4:33  Cyclone, SCV  
  60  4:34  Supply Depot  
  65  4:41  Marine  
  65  4:42  Marine  
  65  4:45  SCV x2  
  69  4:48  Supply Depot  
  69  4:59  Marine x2  
  70  5:02  SCV x2, Raven  
  70  5:05  Siege Tank  
  78  5:11  Supply Depot  
  78  5:14  SCV  
  78  5:15  Command Center  
  78  5:20  Marine x2  
  58  5:36  SCV  
  58  5:37  SCV, Siege Tank  
  58  5:38  Marine x2  
  58  5:42  Refinery  
  61  5:43  Supply Depot  
  61  5:51  Barracks x2, SCV x2  
  63  5:59  Engineering Bay x2  
  63  6:03  SCV x2, Viking  
  67  6:08  Viking  
  67  6:10  Marine  
  70  6:16  Siege Tank  
  73  6:20  Stimpack  
  73  6:21  SCV  
  73  6:24  SCV  
  75  6:27  Orbital Command  
  75  6:30  Marine  
  76  6:34  Viking  
  76  6:38  Viking  
  80  6:41  SCV  
  80  6:42  SCV  
  80  6:43  Terran Infantry Weapons Level 1  
  82  6:47  Terran Infantry Armor Level 1  
  82  6:52  Siege Tank  
  86  6:54  SCV x2  
  86  6:56  SCV  
  86  6:59  Barracks Reactor x2  
  88  7:02  Supply Depot  
  88  7:04  Barracks  
  88  7:06  Barracks  
  88  7:08  Marine  
  88  7:11  SCV x3  
  92  7:17  Medivac x2  
  96  7:23  SCV x3  
  96  7:26  Siege Tank  
  101  7:31  Supply Depot  
  101  7:32  Refinery x2  
  101  7:35  SCV x3  
  101  7:36  Sensor Tower  
  104  7:37  Marine x3  
  104  7:38  Marine x2  
  108  7:47  Supply Depot  
  108  7:50  SCV x2  
  108  7:51  SCV  
  111  7:53  Barracks Reactor  
  111  7:54  Barracks Reactor  
  111  7:55  Marine x4  
  111  7:56  Marine  
  116  7:59  Combat Shield  
  116  8:02  Siege Tank  
  119  8:06  Command Center  
  119  8:09  Supply Depot  
  119  8:13  Medivac, Marine x3  
  119  8:15  Medivac  
  119  8:16  Marine x2  
  128  8:24  SCV x3, Armory  
  131  8:31  Marine x3  
  131  8:33  Marine  
  135  8:34  Siege Tank, Marine  
  135  8:35  Missile Turret x2  
  135  8:36  Marine  
  135  8:39  Marine x3  
  138  8:54  Marine x6  
  129  8:56  Marine  
  129  8:57  Marine x2  
  125  9:06  Medivac x2  
  125  9:07  Siege Tank  
  132  9:12  Marine x6  
  132  9:14  Marine x2  
  137  9:24  Marine  
  135  9:29  SCV x3, Marine  
  135  9:30  Marine x5  
  135  9:31  Factory  
  145  9:32  Marine  
  145  9:33  Marine  
  147  9:39  Siege Tank  
  147  9:41  Marine  
  142  9:47  Marine  
  142  9:48  Marine x2  
  142  9:50  Marine  
  142  9:51  Marine x4  
Show
View Real Time Build Order
Export as new Build Order

GuMiho Terran 

Build Orders:  

Get SALT Encoding   

  12  0:00  SCV  
  13  0:12  SCV  
  14  0:16  Supply Depot  
  14  0:24  SCV  
  15  0:38  SCV  
  15  0:40  Barracks  
  16  0:43  Refinery  
  16  0:50  SCV  
  16  0:52  Refinery  
  17  1:02  SCV  
  18  1:14  SCV  
  19  1:26  Orbital Command  
  19  1:27  Reaper  
  19  1:31  Supply Depot  
  20  1:40  Factory  
  20  1:52  SCV  
  21  1:59  Reaper  
  22  2:04  SCV  
  23  2:14  Command Center  
  23  2:18  SCV  
  24  2:24  Hellion  
  26  2:30  SCV  
  26  2:32  Supply Depot  
  26  2:33  Barracks Reactor  
  27  2:42  SCV  
  28  2:45  Factory Tech Lab  
  28  2:48  Starport  
  28  2:54  SCV  
  29  3:04  Cyclone  
  32  3:06  SCV  
  32  3:10  Marine  
  32  3:11  Marine  
  35  3:17  Refinery  
  35  3:18  SCV  
  36  3:25  Medivac  
  38  3:28  Orbital Command  
  40  3:35  SCV  
  40  3:38  Cyclone  
  40  3:41  Marine x2  
  43  3:47  SCV  
  45  3:49  Supply Depot  
  45  3:54  SCV  
  46  3:57  Starport Tech Lab  
  46  3:59  SCV  
  46  4:00  Marine x2  
  49  4:06  SCV  
  50  4:10  Supply Depot  
  50  4:11  SCV  
  50  4:16  Siege Tank  
  54  4:19  Raven  
  54  4:22  SCV  
  58  4:24  SCV  
  58  4:28  Supply Depot, Marine  
  58  4:30  Marine  
  60  4:34  SCV  
  60  4:36  SCV  
  62  4:46  Supply Depot, SCV, Marine  
  62  4:48  SCV, Marine  
  62  4:49  Siege Tank  
  69  4:59  SCV  
  70  5:00  SCV  
  70  5:04  Raven, Marine  
  70  5:06  Marine  
  71  5:22  Marine  
  71  5:24  Marine  
  66  5:31  SCV x2  
  66  5:34  Siege Tank  
  71  5:40  Command Center  
  70  5:43  SCV x2  
  70  5:47  Supply Depot  
  72  5:56  SCV x2  
  72  5:57  Engineering Bay  
  72  5:58  Engineering Bay, Barracks  
  72  5:59  Starport Reactor  
  72  6:00  Refinery  
  72  6:01  Stimpack  
  72  6:02  Marine  
  72  6:03  Barracks  
  73  6:08  SCV, Siege Tank  
  73  6:09  SCV  
  73  6:10  Supply Depot  
  78  6:20  SCV, Marine  
  78  6:21  SCV  
  81  6:27  Barracks, Terran Infantry Weapons Level 1  
  81  6:29  Barracks, Terran Infantry Armor Level 1  
  81  6:34  SCV x2  
  83  6:40  Marine  
  83  6:41  Starport Reactor  
  83  6:46  SCV x2  
  80  6:49  Marine x2  
  80  6:50  Siege Tank  
  80  6:53  Orbital Command  
  85  6:58  SCV  
  85  6:59  SCV  
  87  7:02  Supply Depot  
  87  7:07  Marine  
  87  7:08  Marine x4  
  92  7:15  Barracks Reactor  
  92  7:16  Barracks Reactor  
  92  7:18  SCV x2  
  92  7:19  SCV  
  92  7:20  Armory  
  92  7:22  Refinery  
  95  7:25  Siege Tank, Marine x2  
  95  7:26  Marine x3  
  95  7:28  Medivac  
  104  7:30  SCV, Medivac  
  104  7:33  SCV x2  
  104  7:36  Supply Depot  
  109  7:41  Combat Shield  
  109  7:42  SCV  
  109  7:43  Marine x4  
  114  7:45  SCV x2  
  114  7:50  Supply Depot  
  116  7:52  Marine x2  
  116  7:53  Marine x2  
  116  7:55  SCV, Marine  
  116  7:57  Siege Tank  
  116  7:58  SCV x2  
  127  8:04  Medivac x2  
  130  8:08  Supply Depot  
  130  8:09  SCV  
  130  8:10  Supply Depot, SCV x2  
  133  8:12  Marine  
  133  8:13  Marine  
  133  8:14  Marine x4  
  133  8:15  Marine  
  133  8:16  Marine  
  141  8:30  Marine  
  141  8:34  Command Center  
  142  8:37  Marine  
  142  8:38  Marine x7  
  150  8:48  Marine  
  130  8:55  Marine x2  
  130  8:56  Marine x4  
  130  8:57  Marine x2  
  119  9:04  Medivac x2  
  119  9:05  Siege Tank, Marine  
  128  9:13  Marine x4  
  128  9:15  Supply Depot x3  
  129  9:21  Marine  
  129  9:22  Marine x3  
  129  9:23  Marine  
  129  9:31  Marine x4  
  129  9:35  Medivac x2  
  129  9:37  Siege Tank  
  140  9:39  Marine x2  
  140  9:40  Marine x2  
  140  9:41  Marine  
  140  9:42  Command Center  
  139  9:49  Marine x4  
  118  9:57  Marine x2  
  118  9:58  Marine x2  
Tags
 
Add a new tag
Caveats
  • Supply blocks, unpowered buildings, or Contaminate may cause inaccurate times.
  • Supply counts are checked every 10 seconds.